 Dungeon Crawl Stone Soup version 0.32-a0-7-ge934b4519a (webtiles) character file.

Game seed: 3230367844083721776

457 keekatzer the Changeling (level 7, -2/41 HPs)
             Began as a Kobold Shapeshifter on Jan 13, 2024.
             Was a Believer of Wu Jian.
             Slain by a sky beast (5 damage)
             ... on level 4 of the Dungeon.
             The game lasted 00:24:21 (3363 turns).

keekatzer the Changeling (Kobold Shapeshifter)      Turns: 3363, Time: 00:24:22

Health: -2/41      AC:  3    Str: 13    XL:     7   Next: 27%
Magic:  7/7        EV: 14    Int: 11    God:    Wu Jian [**....]
Gold:   176        SH:  0    Dex: 15    Spells: 6/6 levels left

rFire   . .          .
                       - Unarmed
rCold   . . .        (no shield)
rNeg    + . .        i - +0 leather armour
rPois   .            (helmet currently unavailable)
rElec   .            (cloak currently unavailable)
rCorr   .            (gloves currently unavailable)
SInv    .            (boots currently unavailable)
Will    .....        (no amulet)
Stlth   ++++         h - ring of positive energy
HPRegen 0.26/turn    (no ring)
MPRegen 0.10/turn

%: no passive effects
@: beast-form
A: beast (slay +2), small, no large weapons, nightstalker 3
a: Begin Untransformation, Renounce Religion, Wall Jump


You were on level 4 of the Dungeon.
You worshipped Wu Jian.
Wu Jian was pleased with you.
You were a hulking beast.
You visited 1 branch of the dungeon, and saw 4 of its levels.

You collected 176 gold pieces.

Inventory:

Hand Weapons
 j - a +0 dagger of electrocution
Missiles
 g - 11 poisoned darts (quivered)
Armour
 a - a +0 pair of gloves
 i - a +0 leather armour (worn)
Magical Staves
 b - a staff of conjuration
Jewellery
 h - a ring of positive energy (left hand)
Talismans
 c - a beast talisman
 d - a flux talisman
Wands
 e - a wand of flame (4)
Scrolls
 f - a scroll of blinking {unknown}
 l - a scroll of fog {unknown}
 m - a scroll of vulnerability {unknown}
 p - 4 scrolls of identify {unknown}
Potions
 k - a potion of heal wounds {unknown}
 n - 2 potions of lignification
 o - 2 potions of enlightenment {unknown}


   Skills:
 - Level 3.0 Fighting
 - Level 2.4 Dodging
 + Level 4.6 Stealth
 * Level 4.4 Unarmed Combat
 * Level 5.0 Shapeshifting


You had 6 spell levels left.
You didn't know any spells.
Your spell library contained the following spells:

 Spells                   Type           Power      Damage    Failure   Level
 Summon Small Mammal      Summ           0%         N/A       41%         1
 Call Canine Familiar     Summ           0%         N/A       80%         3
 Dazzling Flash           Conj/Hex       0%         N/A       80%         3
 Mephitic Cloud           Conj/Alch/Air  0%         N/A       80%         3
 Summon Blazeheart Golem  Fire/Summ      0%         N/A       99%         4
 Curse of Agony           Necr           0%         N/A       100%        5
 Silence                  Hex/Air        0%         N/A       100%        5


Dungeon Overview and Level Annotations

Branches:
Dungeon (4/15)
 Temple: D:4-7

Altars:
Wu Jian


Innate Abilities, Weirdness & Mutations

You are a hulking beast.
Your limbs bulge with bestial killing power. (Slay +2)
You are small and have problems with some larger weapons.
You are completely attuned to the shadows.


Message History

You hit the sky beast but do no damage. The sky beast hits you.
The sky beast shocks you.
Your +0 dagger of electrocution stops crackling.
You are now empty-handed.
The sky beast barely misses you.
You closely miss the sky beast. The sky beast hits you.
The sky beast shocks you.
You barely miss the sky beast. The sky beast hits you.
The sky beast shocks you.
You hit the sky beast.
The sky beast is lightly wounded.
You barely miss the sky beast.
The sky beast is lightly wounded.
The sky beast barely misses you.
You hit the sky beast.
The sky beast is moderately wounded.
The sky beast hits you. The sky beast shocks you.
You hit the sky beast.
The sky beast is heavily wounded.
The sky beast hits you but does no damage.
You hit the sky beast.
The sky beast is severely wounded.
The sky beast hits you but does no damage.
You hit the sky beast.
The sky beast is almost dead.
The sky beast hits you.
* * * LOW HITPOINT WARNING * * *
The sky beast shocks you.
* * * LOW HITPOINT WARNING * * *
You closely miss the sky beast.
The sky beast is almost dead.
The sky beast hits you but does no damage.
You closely miss the sky beast.
The sky beast is almost dead.
The sky beast barely misses you.
You closely miss the sky beast.
The sky beast is almost dead.
The sky beast hits you.
* * * LOW HITPOINT WARNING * * *
The sky beast shocks you.
You die...

... #..##.# #.#.#
#.###..##.#######.#.#
###....)......).†..#.#
.....###############.#
####.###.## #.#
#.##...## #######.#
#.#.....###.......#
##........##.#######
.....h.............#
####..Y...(##.####.###
##.....###.........
##...## #..###.###
##)## #..###.### #.#
#......... #.#
##.##†.... #.#
#.####### #.# #.#


You could see a sky beast.

Vanquished Creatures
  A steam dragon (D:4)
  A kobold brigand (D:4)
  A bombardier beetle (D:4)
  An orc priest (D:3)
  Jessica (D:2)
  An iguana (D:4)
  An orc wizard (D:3)
  3 adders
  3 ribbon worms (D:3)
  2 dart slugs (D:1)
  4 orcs (D:3)
  7 ball pythons
  7 bats
  5 endoplasms
  3 giant cockroaches
  6 goblins
  6 hobgoblins
  2 jackals (D:1)
  5 quokkas
  3 frilled lizards
  9 kobolds
  7 rats
79 creatures vanquished.

Notes
Turn   | Place    | Note
-------+----------+-------------------------------------------
     0 | D:1      | keekatzer the Kobold Shapeshifter began the quest for the
                  | Orb.
     0 | D:1      | Reached XP level 1. HP: 12/12 MP: 1/1
   116 | D:1      | Reached XP level 2. HP: 8/16 MP: 2/2
   193 | D:1      | Reached skill level 1 in Stealth
   567 | D:1      | Reached XP level 3. HP: 21/21 MP: 3/3
   996 | D:2      | Found a faded altar of an unknown god.
  1007 | D:2      | Prayed at the altar of an unknown god.
  1007 | D:2      | Became a worshipper of the Wu Jian Council
  1007 | D:2      | Reached * piety under Wu Jian
  1079 | D:2      | Noticed Jessica
  1084 | D:2      | Killed Jessica
  1085 | D:2      | Reached XP level 4. HP: 26/26 MP: 4/4
  1545 | D:2      | Reached XP level 5. HP: 20/31 MP: 5/5
  2384 | D:3      | Reached ** piety under Wu Jian
  2486 | D:3      | Reached skill level 4 in Shapeshifting
  2755 | D:3      | Reached XP level 6. HP: 37/37 MP: 6/6
  3170 | D:4      | Noticed a steam dragon
  3185 | D:4      | Killed a steam dragon
  3186 | D:4      | Reached skill level 5 in Shapeshifting
  3186 | D:4      | Reached XP level 7. HP: 6/41 MP: 7/7
  3363 | D:4      | Slain by a sky beast

Illustrated notes

Levels and vault maps discovered:
D:1:      dpeg_arrival_oval, layout_loops_corners, serial_rivers,
          chequers_serial_rivers_room_b, chequers_serial_rivers_small_b,
          chequers_serial_rivers_micro_e, chequers_serial_rivers_marsh
D:2:      layout_basic, basic_ecumenical_altar, st_stairs_7, uniq_jessica
D:3:      layout_basic, minmay_misc_feat_doors
D:4:      layout_loops_ring

Skill      XL: |  1  2  3  4  5  6 |
---------------+-------------------+-----
Stealth        | 1 2 3 4 |  4.6
Fighting       | 2 3 |  3.0
Shapeshifting  | 4 5 |  5.0
Unarmed Combat | 4 |  4.4
Dodging        | |  2.4

Action                     |  1- 3 |  4- 6 |  7- 9 || total
---------------------------+-------+-------+-------++-------
  Melee: Short sword       |    21 |       |       ||    21
         Unarmed           |     8 |    43 |    11 ||    62
         Dagger            |    65 |    88 |     6 ||   159
         Punch             |     4 |     5 |       ||     9
  Throw: Dart              |       |     6 |       ||     6
Ability: Lunge             |       |    11 |     1 ||    12
    Use: Potion            |     1 |       |       ||     1
   Stab: Sleeping          |    15 |    16 |       ||    31
         Distracted        |       |     1 |       ||     1
 Armour: Skin              |    25 |       |       ||    25
         Animal skin       |    16 |       |       ||    16
         Leather armour    |     4 |    56 |    12 ||    72
  Dodge: Dodged            |    45 |    53 |     4 ||   102

Table legend: (Time is in decaauts)
 A = Elapsed time spent in this place.
 B = Non-inter-level travel time spent in this place.
 C = Inter-level travel time spent in this place.
 D = Time resting spent in this place.
 E = Time spent auto-exploring this place.
 F = Levels seen in this place.
 G = Mean time per level.
                   A        B        C        D        E       F      G
               +--------+--------+--------+--------+--------+-----+--------+
         Total |   3355 |   3355 |      0 |    489 |      0 |   4 |  838.8 |
       Dungeon |   3355 |   3355 |      0 |    489 |      0 |   4 |  838.8 |
               +--------+--------+--------+--------+--------+-----+--------+

Top non-repeatable levels by time:
     D:2: 1324 daAuts
     D:1: 997 daAuts
     D:3: 592 daAuts
     D:4: 441 daAuts
